 Dungeon Sprint DCSS version 0.16-a0-3807-g3748f16 (console) character file.

9648 Monkaria the Champion of Chaos (level 11, -3/105 HPs)
             Began as a Hill Orc Fighter on Jan 27, 2015.
             Was the Champion of Makhleb.
             Slain by Sonja
             ... wielding a +0 dagger of distortion
              (17 damage)
             ... in the Dungeon (Sprint IX: "|||||||||||||||||||||||||||||").
             The game lasted 00:06:57 (2188 turns).

Monkaria the Champion of Chaos (Hill Orc Fighter)   Turns: 2188, Time: 00:06:57

Health: -3/105     AC: 22    Str: 23      XL:     11   Next: 49%
Magic:  30/30      EV:  7    Int: 10 (11) God:    Makhleb [******]
Gold:   973        SH:  9    Dex: 10      Spells: 0 memorised, 10 levels left

rFire  . . .     SeeInvis .     p - +2 scimitar (flame)
rCold  . . .     Clarity  .     E - +0 plate armour
rNeg   . . .     SustAb   .     c - +0 shield
rPois  .         Gourm    .     q - +0 helmet
rElec  .         Spirit   .     (no cloak)
rCorr  .         Warding  .     B - +0 pair of gloves
rMut   .         Stasis   +     y - +0 pair of boots
MR     .....                    G - amulet of stasis
Stlth  ..........               t - +3 ring of intelligence
                                s - +2 ring of evasion

@: short of breath, not resistant to hostile enchantments, extremely unstealthy
A: no striking features
a: Minor Destruction, Lesser Servant of Makhleb, Major Destruction, Greater
Servant of Makhleb, Renounce Religion


You were in the Dungeon.
You worshipped Makhleb.
Makhleb was exalted by your worship.
You were not hungry.

You visited 1 branch You collected 1929 gold pieces.
You spent 956 gold pieces at shops.

Inventory:

Hand weapons
 p - a +2 scimitar of flaming (weapon)
Missiles
 D - 4 tomahawks (quivered)
Armour
 c - a +0 shield (worn)
 q - a +0 helmet (worn)
 y - a +0 pair of boots (worn)
 B - a +0 pair of gloves (worn)
 E - a +0 plate armour (worn)
Jewellery
 a - an uncursed ring of ice
 s - a +2 ring of evasion (left hand)
 t - a +3 ring of intelligence (right hand)
 G - an amulet of stasis (around neck)
Magical devices
 o - a wand of cold (2)
 w - a wand of draining (5)
 H - a wand of slowing (19)
Scrolls
 b - 4 scrolls of enchant armour
 k - 3 scrolls of blinking
 m - 3 scrolls of remove curse
 n - 2 scrolls of amnesia
 r - a scroll of identify {unknown}
 u - a scroll of fog
 v - 2 scrolls of enchant weapon
 F - a scroll of recharging {unknown}
Potions
 e - 2 potions of might
 f - 4 potions of curing
 g - 9 potions of heal wounds
 h - a potion of haste
 i - 4 potions of magic
 j - 2 potions of berserk rage
 x - a potion of brilliance
 C - a potion of restore abilities {unknown}
 I - a potion of invisibility
Miscellaneous
 J - a sack of spiders
 K - a phantom mirror
Comestibles
 d - 13 meat rations
 l - 2 chunks of flesh
 z - 40 fruits
 A - 12 bread rations


   Skills:
 - Level 12.7 Fighting
 - Level 16.0 Long Blades
 + Level 15.6 Armour
 - Level 3.2 Shields
 - Level 18.4 Invocations


You had 10 spell levels left.
You didn't know any spells.

Dungeon Overview and Level Annotations

Branches:
Dungeon (1/1)

Altars:
Cheibriados
Dithmenos
Elyvilon
Fedhas
Gozag
Kikubaaqudgha
Makhleb
Nemelex Xobeh
Okawaru
Qazlal
Ru
Sif Muna
Trog
Vehumet
Xom
Yredelemnul
Zin
The Shining One
Beogh
Jiyva
Lugonu

Shops:
D %*}*

Annotations:
D Sonja


Message History

Your amulet of stasis rumbles.
Items here: (( ) [ 2 curare-tipped needles; a hand axe of distortion; a ring mail; a throwing net You feel sick.
You start resting.
You feel sick.
You feel sick.
Sonja unwields an uncursed blowgun.
Sonja wields an uncursed dagger of distortion.
Its appearance distorts for a moment.
Sonja hits you but does no damage. Space warps horribly around you!
* * * LOW HITPOINT WARNING * * *
You block Sonja's attack. Sonja barely misses you.
Drink which item? (? for menu, Esc to quit)
You feel better. Sonja hits you but does no damage.
Space warps horribly around you!
* * * LOW HITPOINT WARNING * * *
Sonja hits you but does no damage. You block Sonja's attack.
Your shield and plate armour prevent you from hitting Sonja.
Sonja completely misses you. Sonja hits you but does no damage.
Space warps horribly around you!
You die...

▓▓▓▓▓▓▓▓▓▓▓▓▓
▓(K.▓...▓...▓
▓.▓@▓.▓.▓.▓.▓
▓(▓.▓.▓.▓.▓.▓
▓K▓.▓.▓.▓.▓.▓
▓.▓.▓.▓'▓.▓'▓
▓(▓.▓.▓.▓.▓.▓
▓.▓.▓.▓.▓.▓.▓
▓.▓.▓.▓[▓.▓.▓
▓.▓.▓.▓[▓.▓.▓
▓.▓'▓.▓.▓.▓)▓


You could see Sonja.

Vanquished Creatures
  Harold (D)
  2 orc high priests (D)
  An unseen horror (D)
  3 lindwurms (D)
  An orc sorcerer (D)
  A black mamba (D)
  Joseph (D)
  A komodo dragon (D)
  A troll (D)
  A blink frog (D)
  A wyvern (D)
  A yak (D)
  3 water moccasins (D)
  2 porcupines (D)
  A black bear (D)
  8 orc warriors (D)
  A centaur (D)
  2 crocodiles (D)
  4 brain worms (D)
  A giant frog (D)
  9 orc priests (D)
  An iguana (D)
  2 orc wizards (D)
  A worker ant (D)
  3 adders (D)
  2 river rats (D)
  A worm (D)
  An adder zombie (D)
  6 orcs (D)
  A ball python (D)
  2 bats (D)
  A bat skeleton (D)
  A goblin (D)
  3 hobgoblins (D)
  A quokka (D)
  A ball python skeleton (D)
  A giant gecko zombie (D)
  2 giant newts (D)
  A jackal (D)
  A rat (D)
78 creatures vanquished.

Vanquished Creatures (collateral kills)
  5 orc high priests (D)
  An ice devil (D)
  A rust devil (D)
  5 orc priests (D)
12 creatures vanquished.

Grand Total: 90 creatures vanquished

Notes
Turn   | Place    | Note
--------------------------------------------------------------
     0 | D        | Monkaria, the Hill Orc Fighter, began the quest for the Orb.
     0 | D        | Reached XP level 1. HP: 19/19 MP: 1/1
    11 | D        | Reached skill level 4 in Fighting
   137 | D        | Reached XP level 2. HP: 28/28 MP: 2/2
   153 | D        | Reached skill level 5 in Fighting
   176 | D        | Found a glowing silver altar of Zin.
   176 | D        | Found a glowing golden altar of the Shining One.
   176 | D        | Found an ancient bone altar of Kikubaaqudgha.
   176 | D        | Found a basalt altar of Yredelemnul.
   176 | D        | Found a shimmering altar of Xom.
   176 | D        | Found a radiant altar of Vehumet.
   176 | D        | Found an iron altar of Okawaru.
   177 | D        | Found a burning altar of Makhleb.
   178 | D        | Found a deep blue altar of Sif Muna.
   179 | D        | Found a bloodstained altar of Trog.
   180 | D        | Found a sparkling altar of Nemelex Xobeh.
   181 | D        | Found a white marble altar of Elyvilon.
   182 | D        | Found a roughly hewn altar of Beogh.
   183 | D        | Found a viscous altar of Jiyva.
   184 | D        | Found a corrupted altar of Lugonu.
   185 | D        | Found a blossoming altar of Fedhas.
   186 | D        | Became a worshipper of Makhleb the Destroyer
   187 | D        | Found a snail-covered altar of Cheibriados.
   188 | D        | Found a shadowy altar of Dithmenos.
   189 | D        | Found a stormy altar of Qazlal.
   190 | D        | Found an opulent altar of Gozag.
   191 | D        | Found a sacrificial altar of Ru.
   240 | D        | Noticed a water moccasin
   245 | D        | Acquired Makhleb's first power
   260 | D        | Killed a water moccasin
   260 | D        | Acquired Makhleb's second power
   260 | D        | Reached skill level 7 in Fighting
   260 | D        | Reached skill level 8 in Long Blades
   260 | D        | Reached XP level 3. HP: 30/39 MP: 3/3
   260 | D        | Reached XP level 4. HP: 36/47 MP: 4/4
   260 | D        | Reached XP level 5. HP: 39/52 MP: 5/5
   335 | D        | Noticed a crocodile
   335 | D        | Noticed a worker ant
   335 | D        | Noticed a wyvern
   335 | D        | Noticed a centaur
   335 | D        | Noticed a troll
   341 | D        | Killed a centaur
   341 | D        | Reached skill level 10 in Long Blades
   341 | D        | Killed a worker ant
   341 | D        | Acquired Makhleb's third power
   341 | D        | Reached XP level 6. HP: 35/63 MP: 6/6
   342 | D        | Killed a troll
   342 | D        | Reached skill level 10 in Fighting
   342 | D        | Reached skill level 12 in Long Blades
   342 | D        | Reached XP level 7. HP: 33/73 MP: 7/7
   346 | D        | Killed a wyvern
   346 | D        | Reached skill level 13 in Long Blades
   347 | D        | Killed an unseen horror
   347 | D        | Acquired Makhleb's fourth power
   347 | D        | Reached skill level 15 in Long Blades
   347 | D        | Reached XP level 8. HP: 21/85 MP: 8/8
   348 | D        | Killed a crocodile
   680 | D        | Noticed a blink frog
   680 | D        | Noticed a water moccasin
   680 | D        | Noticed a giant frog
   680 | D        | Noticed a water moccasin
   680 | D        | Noticed an iguana
   686 | D        | Killed an iguana
   686 | D        | Reached skill level 1 in Invocations
   690 | D        | Killed a water moccasin
   691 | D        | Noticed a porcupine
   692 | D        | Noticed a black bear
   703 | D        | Killed a blink frog
   703 | D        | Acquired Makhleb's fifth power
   703 | D        | Reached skill level 16 in Long Blades
   703 | D        | Reached skill level 5 in Invocations
   709 | D        | Killed a giant frog
   716 | D        | Killed a water moccasin
   716 | D        | Reached XP level 9. HP: 73/92 MP: 12/20
   718 | D        | Killed a porcupine
   721 | D        | Killed a black bear
   767 | D        | Noticed a black mamba
   767 | D        | Noticed a komodo dragon
   767 | D        | Noticed a yak
   767 | D        | Noticed a crocodile
   770 | D        | Killed a crocodile
   770 | D        | Reached skill level 10 in Invocations
   772 | D        | Noticed a porcupine
   774 | D        | Killed a yak
   785 | D        | Killed a komodo dragon
   794 | D        | Killed a black mamba
   806 | D        | Killed a porcupine
  1115 | D        | Noticed a brain worm
  1115 | D        | Noticed a brain worm
  1115 | D        | Noticed a brain worm
  1115 | D        | Noticed a brain worm
  1115 | D        | Noticed a lindwurm
  1115 | D        | Noticed a lindwurm
  1120 | D        | Killed a lindwurm
  1120 | D        | Reached skill level 15 in Invocations
  1120 | D        | Reached XP level 10. HP: 100/100 MP: 26/28
  1127 | D        | Killed a lindwurm
  1128 | D        | Killed a brain worm
  1128 | D        | Reached skill level 17 in Invocations
  1130 | D        | Noticed a lindwurm
  1131 | D        | Killed a brain worm
  1136 | D        | Killed a brain worm
  1148 | D        | Killed a brain worm
  1151 | D        | Killed a lindwurm
  1151 | D        | Reached skill level 18 in Invocations
  1266 | D        | Noticed Joseph
  1283 | D        | Killed Joseph
  1283 | D        | Reached skill level 5 in Armour
  1493 | D        | Noticed an orc priest
  1493 | D        | Noticed an orc priest
  1493 | D        | Noticed an orc priest
  1493 | D        | Noticed an orc priest
  1493 | D        | Noticed an orc warrior
  1493 | D        | Noticed an orc wizard
  1494 | D        | Killed an orc wizard
  1498 | D        | Killed an orc warrior
  1501 | D        | Noticed an orc wizard
  1501 | D        | Killed an orc priest
  1506 | D        | Killed an orc priest
  1507 | D        | Noticed an orc priest
  1509 | D        | Noticed an orc priest
  1511 | D        | Killed an orc priest
  1515 | D        | Killed an orc priest
  1516 | D        | Killed an orc wizard
  1531 | D        | Killed an orc priest
  1533 | D        | Killed an orc priest
  1688 | D        | Noticed an orc warrior
  1688 | D        | Noticed an orc warrior
  1688 | D        | Noticed an orc sorcerer
  1688 | D        | Noticed an orc warrior
  1688 | D        | Noticed an orc high priest
  1688 | D        | Noticed an orc warrior
  1696 | D        | Noticed an orc priest
  1696 | D        | Killed an orc warrior
  1700 | D        | Killed an orc high priest
  1701 | D        | Killed an orc sorcerer
  1701 | D        | Reached skill level 10 in Armour
  1702 | D        | Noticed an orc warrior
  1705 | D        | Killed an orc warrior
  1706 | D        | Noticed an orc warrior
  1708 | D        | Killed an orc warrior
  1711 | D        | Killed an orc warrior
  1711 | D        | Reached XP level 11. HP: 105/105 MP: 30/30
  1712 | D        | Noticed an orc warrior
  1719 | D        | Killed an orc warrior
  1720 | D        | Killed an orc priest
  1727 | D        | Killed an orc warrior
  1740 | D        | Killed an orc warrior
  1779 | D        | Found Tusoch's Assorted Antiques.
  1779 | D        | Noticed an orc priest
  1779 | D        | Noticed an orc priest
  1779 | D        | Noticed an orc high priest
  1779 | D        | Noticed an orc high priest
  1779 | D        | Noticed an orc high priest
  1779 | D        | Noticed an orc priest
  1782 | D        | Killed an orc priest
  1782 | D        | Killed an orc priest
  1787 | D        | Killed an orc priest
  1787 | D        | Killed an orc high priest
  1787 | D        | Killed an orc high priest
  1788 | D        | Killed an orc high priest
  1801 | D        | Noticed an orc priest
  1802 | D        | Noticed an orc priest
  1805 | D        | Killed an orc priest
  1805 | D        | Killed an orc priest
  1814 | D        | Found Twiretro's Gadget Shop.
  1817 | D        | Found Ockafei's General Store.
  1825 | D        | Found Kitaif's Food Shop.
  1827 | D        | Noticed an orc high priest
  1835 | D        | Killed an orc high priest
  1844 | D        | Noticed an orc high priest
  1848 | D        | Noticed an ice devil
  1855 | D        | Killed an ice devil
  1858 | D        | Killed an orc high priest
  1859 | D        | Noticed an orc priest
  1860 | D        | Noticed an orc high priest
  1861 | D        | Noticed an orc priest
  1867 | D        | Killed an orc priest
  1876 | D        | Killed an orc high priest
  1879 | D        | Killed an orc priest
  1905 | D        | Bought a scroll labeled WECVINEMMO for 24 gold pieces
  1905 | D        | Bought a scroll labeled TOSEGIANINK for 24 gold pieces
  1905 | D        | Bought a lumpy sapphire amulet for 120 gold pieces
  1905 | D        | Bought a tapered iron wand for 96 gold pieces
  1905 | D        | Bought a potion of invisibility for 192 gold pieces
  1907 | D        | Bought a sack of spiders for 200 gold pieces
  1907 | D        | Bought a phantom mirror for 300 gold pieces
  2136 | D        | Noticed Harold
  2163 | D        | Killed Harold
  2163 | D        | Reached skill level 15 in Armour
  2170 | D        | Noticed Sonja
  2188 | D        | Slain by Sonja

Action                   |  1- 3 |  4- 6 |  7- 9 | 10-12 || total
-------------------------+-------+-------+-------+-------++-------
Melee: Long sword        |    34 |       |       |       ||    34
       Scimitar          |    20 |     7 |    86 |   135 ||   248
Invok: Greater Servant o |       |       |       |     1 ||     1
Evoke: Wand              |       |     2 |     2 |     2 ||     6
  Use: Potion            |       |       |     1 |     1 ||     2
 Stab: Fleeing           |       |       |     1 |       ||     1
       Invisible         |       |       |       |     4 ||     4
  Eat: Chunk             |       |       |       |     5 ||     5
